 Dungeon Crawl Stone Soup version 0.19.0 (webtiles) character file.

44 Korbac the Skirmisher (level 3, -2/34 HPs)
             Began as a Naga Fighter on Nov 2, 2016.
             Was an Initiate of Qazlal.
             Slain by a crocodile (14 damage)
             ... in a sewer.
             The game lasted 00:08:46 (2279 turns).

Korbac the Skirmisher (Naga Fighter)                Turns: 2279, Time: 00:08:46

Health: -2/34      AC:  4    Str: 24    XL:     3   Next: 60%
Magic:  3/3        EV:  5    Int:  8    God:    Qazlal [......]
Gold:   62         SH:  9    Dex: 10    Spells: 0 memorised, 2 levels left

rFire  . . .     SeeInvis +     a - +0 flail
rCold  . . .     Gourm    .     g - +0 scale mail
rNeg   . . .     Faith    .     c - +0 shield
rPois  +         Spirit   .     (no helmet)
rElec  .         Reflect  .     (no cloak)
rCorr  .         Harm     .     (no gloves)
MR     .....                    (no barding)
Stlth  ..........               (no amulet)
                                (no ring)
                                (no ring)

@: mighty, very slow
A: see invisible, deformed body, poison resistance, slowness 2, slow metabolism
1, spit poison 1, AC +1
a: Spit Poison, Renounce Religion


You were in a sewer.
You worshipped Qazlal.
Qazlal was noncommittal.
You were not hungry.

You visited 1 branch of the dungeon, and saw 3 of its levels.
You also visited: Sewer.

You collected 62 gold pieces.

Inventory:

Hand Weapons
 a - a +0 flail (weapon)
Armour
 b - a +0 scale mail
 c - a +0 shield (worn)
 g - a +0 scale mail (worn)
Scrolls
 f - a scroll of enchant weapon {unknown}
 h - 2 scrolls of fear
 o - a scroll of amnesia
 q - a scroll of random uselessness {unknown}
Potions
 e - a potion of curing {unknown}
 i - a potion of degeneration {unknown}
 k - a potion of lignification {unknown}
 n - a potion of berserk rage
Comestibles
 j - 3 bread rations
 m - a beef jerky
 p - a royal jelly


   Skills:
 * Level 3.2 Fighting
 * Level 2.6 Maces & Flails
 * Level 2.9 Armour
 * Level 2.7 Shields


You had 2 spell levels left.
You didn't know any spells.

Dungeon Overview and Level Annotations

Branches:
Dungeon (3/15)

Altars:
Gozag
Kikubaaqudgha
Qazlal
Vehumet
Xom


Innate Abilities, Weirdness & Mutations

You cannot wear boots.
Your serpentine skin is tough. (AC +1)
You have supernaturally acute eyesight. (SInv)
Armour fits poorly on your strangely shaped body.
Your system is resistant to poisons. (rPois)
You cover ground very slowly.
You have a slow metabolism.
You can spit poison.


Message History

Found a potion of might and 10 gold pieces.
Press: ? - help, v - describe, . - travel The floor.
That item cannot be evoked!
You aren't carrying any items that you can evoke.
You aren't carrying any items that you can evoke.
You feel very mighty all of a sudden.
You sock the crocodile!
The crocodile is moderately wounded.
The crocodile bites you! You block the crocodile's attack.
Your scale mail prevents you from hitting the crocodile.
The crocodile is moderately wounded.
The crocodile bites you!
You closely miss the crocodile.
The crocodile is moderately wounded.
You block the crocodile's attack.
You barely miss the crocodile.
The crocodile is moderately wounded.
The crocodile bites you!
You die...

#### # ##.... # #
###..≈.≈ ### $# #
###...≈.# ..##≈!
###...≈.# .≈.≈###
.....≈.##
##...≈..#
###....≈###
###...≈.# #
###..≈≈≈####≈.@t.#
# ###....≈..≈..###
# ###.≈....###
########


You could see a crocodile.

Vanquished Creatures
  An ooze (D:2)
  2 leopard geckos
  A ball python (D:2)
  A giant cockroach (D:2)
  5 goblins
  2 hobgoblins (D:1)
  5 jackals
  3 bats (D:1)
  10 frilled lizards
  5 kobolds
  2 rats
37 creatures vanquished.

Notes
Turn   | Place    | Note
-------+----------+-------------------------------------------
     0 | D:1      | Korbac the Naga Fighter began the quest for the Orb.
     0 | D:1      | Reached XP level 1. HP: 21/21 MP: 1/1
   321 | D:1      | Reached XP level 2. HP: 19/28 MP: 2/2
   367 | D:1      | HP: 1/42 [frilled lizard (2)]
   375 | D:1      | HP: 1/42 [frilled lizard (1)]
   926 | D:1      | Reached XP level 3. HP: 34/34 MP: 3/3
  1167 | D:2      | Found an ancient bone altar of Kikubaaqudgha.
  1168 | D:2      | Found a radiant altar of Vehumet.
  1169 | D:2      | Found a shimmering altar of Xom.
  1171 | D:2      | Found a stormy altar of Qazlal.
  1179 | D:2      | Became a worshipper of Qazlal Stormbringer
  1710 | D:2      | Found an opulent altar of Gozag.
  2071 | D:3      | Found a glowing drain.
  2078 | Sewer    | Entered a sewer
  2272 | Sewer    | Noticed a crocodile
  2279 | Sewer    | Slain by a crocodile

Action                   || total
-------------------------++-------
Melee: Flail             ||   166
  Use: Scroll            ||     7
       Potion            ||     2
  Eat: Bread ration      ||     1
       Pizza             ||     1
Armor: Scale mail        ||    60
Dodge: Dodged            ||    37
Block: Shield            ||    70
